 Dungeon Crawl Stone Soup version 0.28.0-43-g3370ac3207 (webtiles) character file.

Game seed: 519657758381016308

95 cmymind4 the Ogre Mage (level 4, -1/40 HPs)
             Began as an Ogre Hedge Wizard on Mar 25, 2022.
             Slain by a gnoll
             ... wielding a +0 flail
              (3 damage)
             ... on level 2 of the Dungeon.
             The game lasted 00:18:16 (3091 turns).

cmymind4 the Ogre Mage (Ogre Hedge Wizard)          Turns: 3091, Time: 00:18:17

Health: -1/40      AC:  3    Str: 11 (14) XL:     4   Next: 65%
Magic:  8/10       EV:  9    Int: 13 (15) God:
Gold:   86         SH:  0    Dex:  7 (10) Spells: 10/11 levels left

rFire   . . .      SeeInvis .   e - +4 short sword
rCold   . . .      Faith    .   (no shield)
rNeg    . . .      Spirit   .   b - +0 robe
rPois   .          Reflect  .   c - +0 hat
rElec   .          Harm     .   (no cloak)
rCorr   .          Rampage  .   (gloves unavailable)
Will    .....                   (boots unavailable)
Stlth   +.........              (no amulet)
HPRegen 0.13/turn               (no ring)
MPRegen 0.12/turn               (no ring)

@: no status effects
A: large, unfitting armour, tough skin 1
a: no special abilities


You were on level 2 of the Dungeon.
You visited 1 branch of the dungeon, and saw 3 of its levels.

You collected 86 gold pieces.

Inventory:

Hand Weapons
 a - a +0 dagger
 e - a +4 short sword (weapon)
Missiles
 g - 4 atropa-tipped darts
Armour
 b - a +0 robe (worn)
 c - a +0 hat (worn)
 f - a +2 buckler
Magical Staves
 i - a staff of earth
 l - a staff of death
Potions
 d - a potion of haste
 h - a potion of heal wounds {unknown}


   Skills:
 + Level 0.5 Fighting
 + Level 1.8 Short Blades
 + Level 2.2 Dodging
 + Level 1.8 Stealth
 + Level 4.4 Spellcasting
 + Level 1.4 Conjurations
 + Level 0.8 Summonings
 + Level 0.8 Translocations


You had 10 spell levels left.
You knew the following spells:

 Your Spells              Type           Power      Damage    Failure   Level
a - Magic Dart            Conj           24%        1d4       11%         1

Your spell library contained the following spells:

 Spells                   Type           Power      Damage    Failure   Level
 Slow                     Hex            8%         N/A       21%         1
 Blink                    Tloc           10%        N/A       22%         2
 Call Imp                 Summ           5%         N/A       22%         2
 Conjure Flame            Conj/Fire      4%         6-21      41%         3
 Mephitic Cloud           Conj/Pois/Air  4%         N/A       43%         3


Dungeon Overview and Level Annotations

Branches:
Dungeon (3/15)

Altars:

Shops:
D:2 =


Innate Abilities, Weirdness & Mutations

You are too large for most types of armour.
You have tough skin. (AC +1)


Message History

The gnoll is lightly wounded.
The gnoll hits you but does no damage.
Casting: Magic Dart (safe; 11% risk of failure)
Confirm with . or Enter, or press ? or * to list all spells.
Aiming: Magic Dart (safe; 11% risk of failure)
Press: ? - help, Shift-Dir - straight line, f/p - gnoll
Aim: a gnoll, wielding a +0 flail (lightly wounded, 100% to hit)
The magic dart hits the gnoll.
The gnoll is lightly wounded.
The gnoll barely misses you. The gnoll hits you with a +0 flail!
Casting: Magic Dart (safe; 11% risk of failure)
Confirm with . or Enter, or press ? or * to list all spells.
Aiming: Magic Dart (safe; 11% risk of failure)
Press: ? - help, Shift-Dir - straight line, f/p - gnoll
Aim: a gnoll, wielding a +0 flail (lightly wounded, 100% to hit)
The magic dart hits the gnoll.
The gnoll is moderately wounded.
The gnoll hits you from afar with a +0 halberd!
The gnoll closely misses you.
As you read the scroll labelled ELAUMU QOWUARU, it crumbles to dust.
It is a scroll of identify.
d - a potion of haste The gnoll hits you from afar with a +0 halberd!
* * * LOW HITPOINT WARNING * * *
A kobold comes into view. It is wielding a +0 dagger.
The gnoll closely misses you.
There is a stone staircase leading up here.
The gnoll hits you with a +0 flail.
* * * LOW HITPOINT WARNING * * *
The gnoll barely misses you. The kobold hits you but does no damage.
The gnoll hits you with a +0 flail.
* * * LOW HITPOINT WARNING * * *
You climb upwards.
There is a stone staircase leading down here.
The gnoll hits you with a +0 flail.
* * * LOW HITPOINT WARNING * * *
The kobold hits you with a +0 dagger.
* * * LOW HITPOINT WARNING * * *
The gnoll hits you with a +0 flail.
You die...

##################
...............K@#
.##########.###gg#
.# #......# .#
####...# '###
###...### ...#
#.......# ...#
#.###.#.# ...#
#.....#.# ...#
#######.#


You could see 2 gnolls and a kobold.

Vanquished Creatures
  3 adders (D:2)
  2 worms (D:2)
  7 dart slugs
  5 ball pythons
  5 endoplasms
  2 giant cockroaches
  5 goblins
  4 hobgoblins
  3 quokkas
  2 bats (D:1)
  5 frilled lizards
  3 kobolds
  3 rats (D:1)
49 creatures vanquished.

Notes
Turn   | Place    | Note
-------+----------+-------------------------------------------
     0 | D:1      | cmymind4 the Ogre Hedge Wizard began the quest for the Orb.
     0 | D:1      | Reached XP level 1. HP: 16/16 MP: 5/5
   203 | D:1      | Reached skill level 4 in Spellcasting
   291 | D:1      | Reached XP level 2. HP: 14/24 MP: 0/7
   955 | D:1      | Reached skill level 1 in Conjurations
   955 | D:1      | Reached XP level 3. HP: 25/31 MP: 1/8
  1564 | D:2      | Reached skill level 1 in Short Blades
  1661 | D:2      | Reached XP level 4. HP: 29/40 MP: 8/10
  1857 | D:2      | Found Kedghuer's Jewellery Shop.
  2274 | D:2      | HP: 2/40 [adder (1)]
  3091 | D:2      | HP: 2/40 [kobold/+0 dagger (1)]
  3091 | D:2      | Slain by a gnoll

Illustrated notes

Levels and vault maps discovered:
D:1:      dpeg_arrival_concentric_ovals, layout_basic, minivault_24,
          minmay_tetromino_i4
D:2:      layout_basic, serial_shops, nicolae_shop_stone
D:3:      layout_rooms, nicolae_elyvilon_peaceful_grove, uniq_natasha

Skill      XL: |  1  2  3 |
---------------+----------+-----
Spellcasting   | 4 |  4.4
Conjurations   | 1 |  1.4
Dodging        | 2 |  2.2
Short Blades   | 1 |  1.8
Fighting       | |  0.5
Stealth        | |  1.8
Summonings     | |  0.8
Translocations | |  0.8

Action                   |  1- 3 |  4- 6 || total
-------------------------+-------+-------++-------
Melee: Dagger            |    39 |       ||    39
       Punch             |     1 |       ||     1
       Short sword       |    33 |    34 ||    67
 Cast: Magic Dart        |    48 |    36 ||    84
  Use: Potion            |     1 |     2 ||     3
       Scroll            |       |     3 ||     3
 Stab: Sleeping          |     1 |       ||     1
Armor: Robe              |    27 |    23 ||    50
Dodge: Dodged            |    36 |    33 ||    69
